 Dungeon Crawl Stone Soup version 0.31-a0-1074-g0b22e4e0f1 (webtiles) character file.

Game seed: 8718055090929011752

55 croobank the Ruffian (level 3, 0/36 HPs)
             Began as an Octopode Shapeshifter on Dec 8, 2023.
             Was a Believer of Cheibriados.
             Slain by an orc wizard
             ... wielding a +0 dagger
              (1 damage)
             ... on level 3 of the Dungeon.
             The game lasted 00:04:34 (1091 turns).

croobank the Ruffian (Octopode Shapeshifter)        Turns: 1091, Time: 00:04:35

Health: 0/36       AC: 21    Str: 17    XL:     3   Next: 93%
Magic:  3/3        EV:  2    Int: 18    God:    Cheibriados [**....]
Gold:   88         SH:  0    Dex: 15    Spells: 2/2 levels left

rFire   . . .        h - +1 whip (freeze)
rCold   . . .        (no shield)
rNeg    . . .        (helmet currently unavailable)
rPois   +            (no amulet)
rElec   .            (no ring)
rCorr   .            (no ring)
SInv    .            (no ring)
Will    .....        (no ring)
Stlth   +            (no ring)
HPRegen 0.26/turn    (no ring)
MPRegen 0.08/turn    (no ring)
                     (no ring)

%: no passive effects
@: confused, brilliant, tree-form (expiring), very slow
A: stationary, stasis, torment immunity, boosted hp, almost no armour,
(amphibious), 8 rings, (camouflage 1), (gelatinous body 1), (nimble swimmer 1),
(tentacles)
a: Renounce Religion, Bend Time


You were on level 3 of the Dungeon.
You worshipped Cheibriados.
Cheibriados was pleased with you.
You were a tree.
You visited 1 branch of the dungeon, and saw 3 of its levels.

You collected 88 gold pieces.

Inventory:

Hand Weapons
 g - a +0 dagger
 h - a +1 whip of freezing (weapon)
Talismans
 b - a beast talisman
 c - a flux talisman
Wands
 m - a wand of flame (10)
Scrolls
 e - 2 scrolls of immolation {unknown}
 i - 2 scrolls of identify {unknown}
 j - a scroll of enchant weapon {unknown}
 l - a scroll of silence {unknown}
 n - a scroll of teleportation {unknown}


   Skills:
 + Level 1.9 Fighting
 + Level 2.6 Dodging
 + Level 1.0 Stealth
 + Level 3.4 Unarmed Combat
 + Level 3.3 Shapeshifting


You had 2 spell levels left.
You didn't know any spells.
Your spell library was empty.

Dungeon Overview and Level Annotations

Branches:
Dungeon (3/15)

Altars:
Cheibriados
Elyvilon


Innate Abilities, Weirdness & Mutations

You are a tree.
Your roots penetrate the ground, keeping you stationary.
You cannot be teleported.
You are immune to unholy pain and torment.
Your maximum health is greatly increased.
You cannot wear most types of armour.
((You are amphibious.))
You can wear up to eight rings at the same time.
((Your skin changes colour to match your surroundings (Stealth+).))
((Your rubbery body absorbs attacks. (AC +1, EV +1)))
((You are camouflaged when in or above water. (Stealth+)))
((You have tentacles for arms and can constrict up to eight enemies at once.))


Message History

The orc wizard hits you but does no damage.
You hit the orc wizard. You freeze the orc wizard.
The orc wizard is heavily wounded.
An orc comes into view. It is wielding a +0 falchion.
The orc hits you but does no damage.
The orc wizard gestures at you while chanting.
The magic dart hits you.
You closely miss the orc wizard.
The orc wizard is heavily wounded.
You feel less confused.
The orc hits you from afar with a +0 trident.
The orc wizard hits you but does no damage.
An orc priest comes into view. It is wielding a +0 flail.
You hit the orc wizard but do no damage.
The orc wizard is heavily wounded.
The orc hits you but does no damage.
The orc wizard hits you but does no damage.
You barely miss the orc wizard.
The orc wizard is heavily wounded.
Your transformation is almost over.
The orc hits you from afar with a +0 trident.
The orc wizard hits you but does no damage.
The orc hits you but does no damage. The orc wizard completely misses you.
There are monsters nearby!
There are monsters nearby!
There are monsters nearby!
There are monsters nearby!
There are monsters nearby!
There are monsters nearby!
You closely miss the orc wizard.
The orc wizard is heavily wounded.
The orc hits you but does no damage.
The orc priest mumbles some strange prayers to Beogh against you.
Beogh smites you!
* * * LOW HITPOINT WARNING * * *
The orc wizard points at you and mumbles some strange words.
You are confused.
You attack the rock wall.
The orc hits you but does no damage.
The orc wizard hits you with a +0 dagger.
You die...

.....$. ......< #.#
..w.... ..## .......
...# # .......####
...#.# ...........#
##.$.#.##
........##..##........
#<###.♣oo.....#
#..#####o.....##
##...###.......#
###.......o..>.
####.#.......
#.#..##... ..#..# ..
.o##... . ..# ...#


You could see an orc priest, an orc wizard and 2 orcs.

Vanquished Creatures
  Robin (D:2)
  A dart slug (D:3)
  3 ball pythons
  4 bats (D:1)
  3 endoplasms (D:1)
  3 giant cockroaches
  6 goblins
  4 hobgoblins
  2 jackals (D:1)
  4 kobolds
  4 quokkas
35 creatures vanquished.

Notes
Turn   | Place    | Note
-------+----------+-------------------------------------------
     0 | D:1      | croobank the Octopode Shapeshifter began the quest for the
                  | Orb.
     0 | D:1      | Reached XP level 1. HP: 13/13 MP: 1/1
    93 | D:1      | Reached XP level 2. HP: 14/18 MP: 2/2
    97 | D:1      | Found a white marble altar of Elyvilon.
   138 | D:1      | Found a faded altar of an unknown god.
   138 | D:1      | Noticed an eye of devastation
   139 | D:1      | Noticed a shining eye
   140 | D:1      | Noticed a golden eye
   140 | D:1      | Noticed a great orb of eyes
   159 | D:1      | Prayed at the altar of an unknown god.
   159 | D:1      | Became a worshipper of Cheibriados the Contemplative
   159 | D:1      | Reached * piety under Cheibriados
   527 | D:1      | Reached XP level 3. HP: 23/23 MP: 3/3
   921 | D:2      | Reached ** piety under Cheibriados
   984 | D:2      | Noticed Robin
  1020 | D:2      | Killed Robin
  1037 | D:2      | Reached skill level 1 in Stealth
  1090 | D:3      | HP: 1/36 [orc priest/divine providence (12)]
  1091 | D:3      | Slain by an orc wizard

Illustrated notes

Levels and vault maps discovered:
D:1:      scummos_arrival_gate, layout_basic,
          hellmonk_ecumenical_altar_watching_god, serial_corexii_hall,
          corexii_hall_statues_i, chequers_hall_statues_corner_a,
          minmay_hexomino_r4
D:2:      layout_rooms, uniq_robin, uniq_crazy_yiuf_cottage
D:3:      layout_rooms, nicolae_gozag_cash_rules_everything_around_me, uniq_ijyb

Skill      XL: |  1  2  3 |
---------------+----------+-----
Stealth        | 1 |  1.0
Fighting       | |  1.9
Dodging        | |  2.6
Unarmed Combat | |  3.4
Shapeshifting  | |  3.3

Action                     || total
---------------------------++-------
  Melee: Unarmed           ||    29
         Tentacles         ||    12
         Constrict         ||    12
         Whip              ||    31
         Punch             ||     1
  Evoke: Wand              ||     2
    Use: Potion            ||     3
         Scroll            ||     2
   Stab: Sleeping          ||     7
 Armour: Skin              ||    45
  Dodge: Dodged            ||    42

Table legend: (Time is in decaauts)
 A = Elapsed time spent in this place.
 B = Non-inter-level travel time spent in this place.
 C = Inter-level travel time spent in this place.
 D = Time resting spent in this place.
 E = Time spent auto-exploring this place.
 F = Levels seen in this place.
 G = Mean time per level.
                   A        B        C        D        E       F      G
               +--------+--------+--------+--------+--------+-----+--------+
         Total |   1415 |   1369 |     46 |     29 |    978 |   3 |  471.7 |
       Dungeon |   1415 |   1369 |     46 |     29 |    978 |   3 |  471.7 |
               +--------+--------+--------+--------+--------+-----+--------+

Top non-repeatable levels by time:
     D:1: 1111 daAuts
     D:2: 250 daAuts
     D:3: 52 daAuts
